Map: Dragon Scales LE

Players

winzboy - Winner!

  • Race: Protoss Protoss
  • League: Gold
  • Spawn Location: 11:00

kks

  • Race: Terran Terran
  • Spawn Location: 5:00

VOD

Have the link to the VOD?

Description

Time

  • Played on: May 23, 2023, 4:06 a.m.
  • Length: 9:57
Show
View Real Time Build Order
Export as new Build Order

winzboy Protoss - Winner!

Build Orders: Archon Immortal 

Get SALT Encoding   

  12  0:01  Probe  
  13  0:22  Probe (Chrono Boost)  
  13  0:25  Pylon  
  14  0:33  Probe (Chrono Boost)  
  15  0:48  Gateway  
  15  0:51  Probe  
  16  1:03  Probe  
  17  1:06  Assimilator  
  17  1:15  Probe  
  18  1:27  Probe  
  19  1:39  Probe  
  20  1:47  Nexus  
  20  1:51  Probe  
  21  1:56  Cybernetics Core  
  21  2:03  Probe  
  22  2:12  Pylon  
  22  2:15  Probe  
  23  2:27  Assimilator  
  23  2:30  Probe  
  24  2:42  Probe, Stalker (Chrono Boost)  
  27  2:54  Probe  
  28  3:02  Probe  
  28  3:04  Stalker  
  29  3:06  Probe  
  29  3:12  Pylon  
  32  3:14  Probe  
  32  3:17  Warp Gate (Chrono Boost)  
  33  3:22  Probe  
  33  3:26  Probe  
  35  3:39  Probe x2, Gateway  
  35  3:41  Gateway  
  37  3:43  Pylon  
  37  3:51  Probe  
  37  3:52  Probe  
  38  3:56  Stalker  
  40  4:03  Probe  
  40  4:04  Probe  
  42  4:15  Probe, Assimilator  
  42  4:16  Probe  
  44  4:17  Assimilator  
  44  4:21  Pylon  
  44  4:28  Probe, Stalker  
  44  4:30  Robotics Facility  
  47  4:33  Twilight Council  
  47  4:36  Pylon  
  47  4:42  Probe  
  47  4:43  Probe  
  49  4:54  Probe, Stalker x2  
  49  4:55  Probe  
  55  5:14  Gateway  
  55  5:15  Gateway  
  55  5:16  Gateway  
  55  5:20  Gateway x2  
  55  5:21  Probe  
  55  5:22  Probe  
  55  5:23  Gateway  
  55  5:26  Observer  
  58  5:34  Gateway  
  58  5:57  Stalker x3  
  58  6:01  Charge (Chrono Boost)  
  64  6:06  Pylon  
  64  6:12  Pylon  
  64  6:16  Pylon  
  64  6:17  Immortal  
  68  6:23  Stalker  
  68  6:24  Stalker  
  68  6:25  Stalker, Sentry  
  76  6:36  Templar Archives  
  76  6:40  Pylon  
  76  6:43  Pylon  
  76  6:57  Immortal  
  80  7:06  Nexus, Zealot x2  
  80  7:07  Zealot x2  
  88  7:08  Zealot  
  88  7:15  Pylon  
  90  7:18  Probe x2, Pylon  
  92  7:30  Probe x2  
  92  7:31  Zealot x2  
  92  7:32  Zealot  
  92  7:34  Zealot  
  102  7:43  Forge  
  102  7:56  Pylon  
  102  7:58  Immortal  
  106  8:00  Zealot  
  106  8:01  Zealot  
  110  8:22  Probe x2  
  110  8:23  High Templar  
  110  8:24  High Templar x2  
  110  8:25  High Templar x3  
  124  8:32  Archon x2  
  124  8:34  Probe  
  125  8:36  Warp Prism  
  125  8:40  High Templar  
  129  8:44  Archon  
  129  8:45  Zealot x2  
  129  8:46  Zealot  
  135  9:04  Probe x2  
  137  9:13  Immortal  
  137  9:17  Zealot x2  
  137  9:18  Zealot x3  
  137  9:19  Zealot x3  
  129  9:26  Pylon  
  118  9:38  Zealot x3  
  114  9:39  Zealot x2  
  114  9:40  Zealot x2  
  114  9:41  Zealot x2  
Show
View Real Time Build Order
Export as new Build Order

kks Terran 

Build Orders:  

Get SALT Encoding   

  12  0:00  SCV  
  13  0:13  SCV  
  14  0:23  Supply Depot  
  14  0:25  SCV  
  15  0:44  SCV  
  15  0:46  Barracks  
  16  0:53  Refinery  
  16  0:56  SCV  
  17  1:09  SCV  
  18  1:21  SCV  
  19  1:30  Supply Depot  
  19  1:33  SCV  
  19  1:36  Marine  
  21  1:45  SCV  
  22  1:49  Refinery  
  22  1:57  Command Center  
  22  2:08  Orbital Command  
  22  2:11  Barracks Tech Lab  
  22  2:22  Bunker  
  22  2:32  Factory  
  22  2:33  Marine  
  22  2:36  SCV  
  24  2:48  SCV  
  24  2:50  Marine  
  26  3:00  SCV  
  26  3:05  Stimpack  
  27  3:08  Marine  
  28  3:21  Orbital Command  
  28  3:25  Starport  
  28  3:28  Factory Tech Lab  
  28  3:38  Marine  
  29  3:46  Orbital Command  
  29  3:48  SCV  
  30  3:56  Marine  
  30  4:00  SCV  
  32  4:09  Starport Reactor  
  32  4:12  SCV  
  32  4:13  Barracks, Marine  
  32  4:15  Siege Tank  
  38  4:24  SCV  
  38  4:25  Supply Depot  
  38  4:31  Marine  
  38  4:36  SCV  
  40  4:45  Combat Shield  
  40  4:49  Marine  
  40  4:50  Widow Mine, Supply Depot  
  43  5:02  Bunker  
  43  5:04  Barracks Reactor  
  43  5:07  Marine  
  43  5:12  Widow Mine  
  46  5:15  Engineering Bay  
  46  5:23  Supply Depot  
  46  5:25  Marine  
  47  5:29  Liberator  
  47  5:33  Widow Mine  
  52  5:43  Marine  
  52  5:47  Supply Depot  
  52  5:48  Engineering Bay  
  53  5:54  Widow Mine  
  53  5:56  Missile Turret  
  55  6:00  Marine  
  56  6:08  SCV  
  56  6:10  Supply Depot  
  57  6:16  Siege Tank  
  57  6:18  Terran Infantry Weapons Level 1  
  60  6:19  Terran Infantry Armor Level 1  
  60  6:20  SCV, Missile Turret  
  60  6:24  Supply Depot  
  61  6:31  Marauder, Marine x2  
  65  6:39  Refinery  
  65  6:40  Refinery  
  65  6:41  SCV  
  65  6:45  Missile Turret  
  65  6:46  Medivac  
  68  6:49  Marine  
  69  7:03  Marauder  
  69  7:07  Widow Mine  
  73  7:09  Liberator  
  76  7:16  Viking  
  76  7:18  Missile Turret  
  76  7:20  SCV  
  76  7:22  SCV  
  80  7:25  Marauder  
  80  7:28  Widow Mine  
  84  7:31  Armory  
  84  7:32  SCV  
  85  7:37  Barracks  
  85  7:40  Missile Turret  
  86  7:44  SCV  
  86  7:46  Marauder  
  86  7:47  Marine  
  86  7:48  Marine  
  90  7:56  SCV  
  91  8:05  Marine x2  
  91  8:08  Starport Tech Lab  
  93  8:22  SCV  
  93  8:25  Marine x2  
  93  8:26  Command Center  
  96  8:27  Siege Tank  
  96  8:29  Marauder  
  96  8:34  Raven  
  103  8:35  SCV  
  104  8:43  Marine x2  
  104  8:47  SCV  
  107  8:50  Barracks Reactor  
  107  8:56  Marine  
  107  8:59  SCV  
  107  9:01  Marine  
  110  9:14  SCV  
  110  9:16  Marine x2  
  108  9:18  Marine  
  110  9:24  Siege Tank  
  95  9:34  Marine x2  
  95  9:36  Marine  
Tags
 
Composition
Archon Immortal
League
Gold
Matchup
PvT
Replay Pack
Multiplayer
Spawn Locations
Cross Positions
Add a new tag
Caveats
  • Supply blocks, unpowered buildings, or Contaminate may cause inaccurate times.
  • Supply counts are checked every 10 seconds.